 Dungeon Crawl Stone Soup version 0.31-a0-256-g80acddb972 (webtiles) character file.

Game seed: 3373580790266717125

620 qw the Shooter (level 7, -4/43 HPs)
             Began as a Gargoyle Hexslinger on July 12, 2023.
             Slain by an ogre
             ... wielding a +0 giant spiked club
              (12 damage)
             ... on level 4 of the Dungeon.
             The game lasted 00:01:26 (2413 turns).

qw the Shooter (Gargoyle Hexslinger)                Turns: 2413, Time: 00:01:26

Health: -4/43      AC: 10    Str: 11    XL:     7   Next: 46%
Magic:  8/8        EV: 11    Int: 14    God:
Gold:   167        SH:  0    Dex: 14    Spells: 7/8 levels left

rFire   . . .        Y - +2 sling
rCold   . . .        (no shield)
rNeg    + + +        b - +0 leather armour of Impatience {-Cast rN++ Slay+3 Stlth+}
rPois   inf          (no helmet)
rElec   +            e - +1 cloak
rCorr   .            (no gloves)
SInv    .            (no boots)
Will    .....        (no amulet)
Stlth   ++           (no ring)
HPRegen 0.27/turn    (no ring)
MPRegen 0.11/turn

%: no spellcasting
@: about to teleport
A: sickness immunity, AC +4, negative energy resistance 1, electricity
resistance, torment resistance 1, petrification resistance
a: no special abilities


You were on level 4 of the Dungeon.
You visited 1 branch of the dungeon, and saw 4 of its levels.

You collected 167 gold pieces.


Innate Abilities, Weirdness & Mutations

You are immune to sickness and miasma.
Your stone body is resilient. (AC +4)
You are immune to poison.
You resist negative energy. (rN+)
You are resistant to electric shocks. (rElec)
You are resistant to unholy torment.
You are immune to petrification.


   Skills:
 - Level 4.0 Fighting
 + Level 7.0 Ranged Weapons
 - Level 1.2 Armour
 - Level 1.5 Dodging
 - Level 1.0 Spellcasting
 - Level 2.6 Hexes


You had 7 spell levels left.
You knew the following spells:

 Your Spells              Type           Power      Damage    Failure   Level
a - Slow                  Hex            32%        N/A       12%         1

Your spell library contained the following spells:

 Spells                   Type           Power      Damage    Failure   Level
 Inner Flame              Hex/Fire       4%         N/A       52%         3
 Portal Projectile        Hex/Tloc       8%         N/A       52%         3
 Cause Fear               Hex            4%         N/A       75%         4

Inventory:

Hand Weapons
 Y - a +2 sling (weapon)
Armour
 b - the +0 leather armour of Impatience (worn) {-Cast rN++ Slay+3 Stlth+}
   (You found it on level 3 of the Dungeon)

   Slay:      It affects your accuracy & damage with ranged weapons and melee
   (+3).
   rN:        It greatly protects you from negative energy.
   -Cast:     It prevents spellcasting.
   Stlth:     It makes you more stealthy.
 e - a +1 cloak (worn)
 k - a +2 helmet
Scrolls
 j - a scroll of identify
Potions
 a - 2 potions of heal wounds
 c - a potion of enlightenment {unknown}
 d - a potion of invisibility {unknown}
 f - a potion of lignification {unknown}
 g - 3 potions of curing
 i - a potion of ambrosia {unknown}
 l - a potion of brilliance {unknown}

Dungeon Overview and Level Annotations

Branches:
Dungeon (4/15)
 Temple: D:4-7

Altars:
Dithmenos
Elyvilon


Message History

Enter note:
Enter note:
Enter note:
g - 3 potions of curing (gained 1)
Found 2 stones.
Enter note:
Enter note:
Enter note:
Enter note:
Enter note:
Enter note:
Enter note:
Enter note: You see here 2 stones.
A ball python and an ogre come into view.
Enter note:
Enter note:
Enter note:
Enter note:
Enter note:
Enter note:
Enter note:
Enter note: You shoot a sling bullet.
The sling bullet hits the ogre.
The ogre shouts!
The ogre is lightly wounded.
You shoot a sling bullet.
The sling bullet barely misses the ogre.
The ball python hisses angrily.
You shoot a sling bullet. The sling bullet hits the ball python!
You kill the ball python!
You shoot a sling bullet. The sling bullet hits the ogre!
The ogre is heavily wounded.
The ogre hits you with a +0 giant spiked club!!!
Ouch! That really hurt!
2413 ||| READING scroll of teleportation.
As you read the scroll of teleportation, it crumbles to dust.
You feel strangely unstable.
The ogre hits you with a +0 giant spiked club!
You die...

.#................##......#
<....#._...........#......#
.#.###....##...#..........#
.. #..7.###...###.....>..#
............####..#....#
...#..........#..##.#.##
#...#..........###.#
..#....##.....# ## ...
#@.....# #..%..O.....##
...........## ..##########


You could see an ogre.

Vanquished Creatures
  Sigmund (D:2)
  A black bear (D:4)
  A phantom (D:2)
  A hound (D:4)
  2 iguanas (D:4)
  3 gnolls (D:4)
  10 adders
  An ufetubus (D:4)
  3 worms (D:2)
  2 dart slugs
  3 orcs
  10 endoplasms
  3 giant cockroaches
  9 goblins
  6 hobgoblins
  A quokka (D:3)
  6 ball pythons
  11 bats
  3 frilled lizards
  7 kobolds
  11 rats
95 creatures vanquished.

Notes
Turn   | Place    | Note
-------+----------+-------------------------------------------
     0 | D:1      | qw the Gargoyle Hexslinger began the quest for the Orb.
     0 | D:1      | Reached XP level 1. HP: 12/12 MP: 2/2
     0 | D:1      | 0 ||| qw: Version: 0.3-a-52-g30416fa
     0 | D:1      | 0 ||| qw: Game counter: 6762
     0 | D:1      | 0 ||| qw: Melee chars always use a shield: true
     0 | D:1      | 0 ||| qw: God list: Okawaru
     0 | D:1      | 0 ||| qw: Allow faded altars: false
     0 | D:1      | 0 ||| qw: Do Orc after clearing Dungeon:15 true
     0 | D:1      | 0 ||| qw: Do second Lair branch before Depths: true
     0 | D:1      | 0 ||| qw: Lair rune preference: random
     0 | D:1      | 0 ||| qw: Goals: Normal
     0 | D:1      | 0 ||| PLANNING D:1-11
   140 | D:1      | Reached XP level 2. HP: 16/16 MP: 3/3
   315 | D:1      | Reached skill level 3 in Ranged Weapons
   340 | D:1      | 340 ||| FLEEEEING.
   341 | D:1      | 341 ||| FLEEEEING.
   342 | D:1      | 342 ||| FLEEEEING.
   462 | D:1      | Reached XP level 3. HP: 16/21 MP: 4/4
   636 | D:1      | 636 ||| UPGRADING to +0 leather armour.
   646 | D:1      | 646 ||| DROPPING +0 robe.
   647 | D:1      | 647 ||| UPGRADING to +0 ring mail.
   657 | D:1      | 657 ||| DROPPING +0 leather armour.
   658 | D:1      | 658 ||| READING scroll labelled DIMIOH BOUTY.
   659 | D:1      | 659 ||| READING scroll labelled HANGENU ONEEW.
   660 | D:1      | 660 ||| DROPPING scroll of poison.
   706 | D:2      | Noticed Sigmund
   719 | D:2      | Killed Sigmund
   720 | D:2      | Reached skill level 5 in Ranged Weapons
   720 | D:2      | Reached XP level 4. HP: 10/26 MP: 5/5
   720 | D:2      | Reached XP level 5. HP: 12/30 MP: 6/6
   945 | D:2      | Reached skill level 1 in Armour
   957 | D:2      | Reached XP level 6. HP: 33/36 MP: 7/7
  1060 | D:2      | Found a white marble altar of Elyvilon.
  1076 | D:2      | Reached skill level 3 in Fighting
  1385 | D:2      | Reached skill level 6 in Ranged Weapons
  1479 | D:2      | 1479 ||| DROPPING scarf of harm.
  1480 | D:2      | 1480 ||| UPGRADING to +0 cloak.
  1485 | D:2      | 1485 ||| READING scroll labelled GEQ MADILEPOLU.
  1486 | D:2      | 1486 ||| READING scroll labelled PUBEUTULOSK.
  1487 | D:2      | 1487 ||| READING scroll labelled XUGUROEREJA.
  1488 | D:2      | 1488 ||| READING scroll labelled UFFEDIPNIPOE.
  1493 | D:2      | 1493 ||| DRINKING 2 puce potions.
  1494 | D:2      | 1494 ||| DROPPING potion of attraction.
  1507 | D:3      | 1507 ||| STAIRDANCE
  1653 | D:3      | Identified the +0 leather armour of Impatience {-Cast rN++
                  | Slay+3 Stlth+}
  1920 | D:3      | 1920 ||| UPGRADING to +0 leather armour of Impatience
                  | {-Cast rN++ Slay+3 Stlth+}.
  1930 | D:3      | 1930 ||| DROPPING +0 ring mail.
  1931 | D:3      | 1931 ||| READING scroll labelled XOELASH CEPPOO.
  2032 | D:3      | 2032 ||| DRINKING 2 white potions.
  2162 | D:4      | 2162 ||| READING scroll labelled LIZIRI ACIJEE.
  2163 | D:4      | 2163 ||| READING 2 scrolls of identify.
  2163 | D:4      | 2163 ||| IDENTIFYING coppery potion
  2181 | D:4      | 2181 ||| READING scroll of enchant armour.
  2181 | D:4      | 2181 ||| ENCHANTING +0 cloak.
  2211 | D:4      | Reached XP level 7. HP: 43/43 MP: 8/8
  2341 | D:4      | Found a shadowy altar of Dithmenos.
  2361 | D:4      | Reached skill level 7 in Ranged Weapons
  2412 | D:4      | HP: 7/43 [ogre/+0 giant spiked club (36)]
  2413 | D:4      | 2413 ||| READING scroll of teleportation.
  2413 | D:4      | Slain by an ogre

Levels and vault maps discovered:
D:1:      dpeg_arrival_pond, layout_loops_ring, minmay_small_reverse_x
D:2:      layout_basic, basic_altar, serial_curves, eino_curves_02,
          eino_curves_02, eino_curves_04, minmay_joined_circles, uniq_sigmund
D:3:      layout_rooms, grunt_ministairs_9
D:4:      layout_cave_pools, mainiacjoe_overflow_tiny_flanked,
          ebering_ghost_rock_garden, st_stairs_8, kennysheep_potato

Skill      XL: |  1  2  3  4  5  6  7 |
---------------+----------------------+-----
Ranged Weapons | 3 5 6 7 |  7.0
Fighting       | 2 4 |  4.0
Armour         | 1 |  1.2
Dodging        | |  1.5
Spellcasting   | |  1.0
Hexes          | |  2.6

Action                     |  1- 3 |  4- 6 |  7- 9 || total
---------------------------+-------+-------+-------++-------
   Fire: Sling             |    86 |   227 |    53 ||   366
    Use: Scroll            |     2 |     8 |     1 ||    11
         Potion            |       |     2 |       ||     2
 Armour: Robe              |    12 |       |       ||    12
         Ring mail         |       |    80 |       ||    80
         Leather armour    |       |     6 |    17 ||    23
  Dodge: Dodged            |    26 |    73 |    27 ||   126

Table legend:
 A = Non-vault XP
 B = Vault XP
 C = Vault XP percentage of total XP
 D = Non-vault monster count
 E = Vault monster count
 F = Vault count percentage of total count
                 A         B        C        D         E       F
            +---------+---------+-------+---------+---------+-------
      Total |     511 |     376 |  42.4 |      72 |      23 |  24.2
            +---------+---------+-------+---------+---------+-------
        D:1 |      30 |       5 |  14.3 |      19 |       4 |  17.4
        D:2 |     159 |     310 |  66.1 |      22 |      14 |  38.9
        D:3 |      39 |       3 |   7.1 |      14 |       2 |  12.5
        D:4 |     283 |      58 |  17.0 |      17 |       3 |  15.0
            +---------+---------+-------+---------+---------+-------
